 Dungeon Crawl Stone Soup version 0.19.5 (webtiles) character file.

133 Rrauwl the Firebug (level 5, -1/41 HPs)
             Began as a Hill Orc Fire Elementalist on Mar 11, 2017.
             Slain by an orc warrior
             ... wielding a +0 halberd
              (17 damage)
             ... on level 4 of the Dungeon.
             The game lasted 00:16:09 (3079 turns).

Rrauwl the Firebug (Hill Orc Fire Elementalist)     Turns: 3079, Time: 00:16:10

Health: -1/41      AC:  3    Str: 11    XL:     5   Next: 16%
Magic:  0/8        EV: 12    Int: 16    God:
Gold:   113        SH:  0    Dex: 11    Spells: 2 memorised, 2 levels left

rFire  . . .     SeeInvis .     o - +0 dagger (speed)
rCold  . . .     Gourm    .     a - +1 robe
rNeg   . . .     Faith    .     (no shield)
rPois  .         Spirit   .     (no helmet)
rElec  .         Reflect  .     (no cloak)
rCorr  .         Harm     .     (no gloves)
MR     .....     Rnd*Tele +     (no boots)
Stlth  ++........               h - amulet of regeneration
                                j - ring of wizardry
                                c - ring of teleportation (curse)

@: no status effects
A: no striking features
a: no special abilities


You were on level 4 of the Dungeon.
You were not hungry.

You visited 1 branch of the dungeon, and saw 4 of its levels.

You collected 113 gold pieces.

Inventory:

Hand Weapons
 o - a +0 dagger of speed (weapon)
Armour
 a - a +1 robe (worn)
Jewellery
 c - a cursed ring of teleportation (left hand)
 h - an amulet of regeneration (around neck)
 i - an uncursed ring of positive energy
 j - a ring of wizardry (right hand)
Scrolls
 e - 2 scrolls of remove curse
 l - 2 scrolls of identify
 m - a scroll of magic mapping
Potions
 g - a potion of brilliance
 k - a potion of cure mutation
 n - 2 potions of lignification
Books
 b - a book of Flames

   Spells                             Type                      Level
   a - Flame Tongue                   Conjuration/Fire             1
   b - Throw Flame                    Conjuration/Fire             2
   c - Conjure Flame                  Conjuration/Fire             3
   d - Inner Flame                    Hexes/Fire                   3
   e - Sticky Flame                   Conjuration/Fire             4
   f - Fireball                       Conjuration/Fire             5
 r - a Young Poisoner's Handbook

   Spells                             Type                      Level
   a - Sting                          Conjuration/Poison           1
   b - Mephitic Cloud                 Conjuration/Poison/Air       3
   c - Olgreb's Toxic Radiance        Poison                       4
   d - Alistair's Intoxication        Transmutation/Poison         5
   e - Venom Bolt                     Conjuration/Poison           5
Comestibles
 f - 3 slices of pizza
 q - a meat ration
 s - a chunk of flesh


   Skills:
 + Level 2.2 Fighting
 + Level 0.9 Armour
 - Level 2.0 Dodging
 - Level 2.1 Stealth
 - Level 2.0 Spellcasting
 + Level 2.0 Conjurations
 + Level 4.0 Fire Magic
   Level 0.1 Air Magic
   Level 0.5 Poison Magic


You had 2 spell levels left.
You knew the following spells:

 Your Spells              Type           Power        Failure   Level  Hunger
a - Flame Tongue          Conj/Fire      ##...        3%          1    #......
b - Fireball              Conj/Fire      ##........   78%         5    ######.


Dungeon Overview and Level Annotations

Branches:
Dungeon (4/15)
 Temple: D:4-7

Altars:
Cheibriados
Gozag

Annotations:
D:4 Duvessa; Grinder; murphvienna's ghost, amateur MiBe


Message History

Aim: an orc warrior, wielding a halberd and wearing a plate armour (heavily wounded)
The flame tongue hits the orc warrior.
The orc warrior appears unharmed.
The orc warrior is heavily wounded.
Casting: Flame Tongue
Confirm with . or Enter, or press ? or * to list all spells.
Aiming: Flame Tongue
Press: ? - help, Shift-Dir - straight line, f/p - orc warrior
Aim: an orc warrior, wielding a halberd and wearing a plate armour (heavily wounded)
The flame tongue hits the orc warrior.
The orc warrior appears unharmed.
The orc warrior is heavily wounded.
The orc warrior hits you but does no damage.
You hit the orc warrior but do no damage.
The orc warrior is heavily wounded.
The orc warrior hits you with a halberd.
* * * LOW HITPOINT WARNING * * *
You feel better.
You feel less woody.
Your +1 robe unmelds from your body.
The orc warrior hits you with a halberd!
You die...

..e ########..
#......... #.#
#..... #@# .....
#o# ... #o#
#.##### #o#
#.....### #.#
####....#. #.#
#..#.#. #.# #####
#..#.#. #.# #...#
#......
#.####...###...#.#


You could see an orc warrior and 2 orcs.

Vanquished Creatures
  An orc wizard (D:4)
  3 adders
  2 oozes
  A worm (D:4)
  A dart slug (D:1)
  A leopard gecko (D:3)
  5 orcs (D:4)
  A ball python (D:3)
  5 giant cockroaches
  12 goblins
  4 hobgoblins
  2 jackals (D:1)
  3 quokkas
  4 frilled lizards
  6 kobolds
  4 rats
55 creatures vanquished.

Notes
Turn   | Place    | Note
-------+----------+-------------------------------------------
     0 | D:1      | Rrauwl the Hill Orc Fire Elementalist began the quest for the Orb.
     0 | D:1      | Reached XP level 1. HP: 14/14 MP: 3/3
   347 | D:1      | Reached XP level 2. HP: 18/20 MP: 0/4
   832 | D:1      | Reached skill level 1 in Fighting
   863 | D:1      | Reached XP level 3. HP: 24/28 MP: 5/5
  1237 | D:2      | Found a snail-covered altar of Cheibriados.
  1239 | D:2      | Found an opulent altar of Gozag.
  1857 | D:2      | Reached XP level 4. HP: 29/35 MP: 2/6
  2450 | D:3      | Learned a level 3 spell: Mephitic Cloud
  2833 | D:4      | Reached XP level 5. HP: 30/41 MP: 3/8
  2848 | D:4      | Learned a level 5 spell: Fireball
  2864 | D:4      | Noticed Grinder
  2864 | D:4      | Noticed murphvienna's ghost (amateur MiBe)
  2881 | D:4      | Reached skill level 4 in Fire Magic
  3000 | D:4      | Noticed Duvessa
  3012 | D:4      | Noticed an orc warrior
  3079 | D:4      | Slain by an orc warrior

Skill      XL: |  1  2  3  4  5 |
---------------+----------------+-----
Fighting       | 1 2 |  2.2
Stealth        | 2 |  2.1
Spellcasting   | 2 |  2.0
Dodging        | 2 |  2.0
Conjurations   | 2 |  2.0
Fire Magic     | 4 |  4.0
Armour         | |  0.9
Air Magic      | |  0.1
Poison Magic   | |  0.5

Action                   |  1- 3 |  4- 6 || total
-------------------------+-------+-------++-------
Melee: Unarmed           |    16 |       ||    16
       Short sword       |   103 |       ||   103
       Dagger            |     3 |   100 ||   103
 Cast: Flame Tongue      |    23 |    41 ||    64
       Mephitic Cloud    |       |     3 ||     3
  Use: Scroll            |     6 |     2 ||     8
       Potion            |     3 |     5 ||     8
 Stab: Sleeping          |     3 |     1 ||     4
       Confused          |       |     1 ||     1
  Eat: Chunk             |     4 |     1 ||     5
       Fruit             |       |     2 ||     2
       Bread ration      |       |     1 ||     1
Armor: Robe              |    27 |    13 ||    40
       Skin              |       |     6 ||     6
Dodge: Dodged            |    74 |    39 ||   113
